 Dungeon Crawl Stone Soup version 0.30-a0-377-g5cb311bc9f (webtiles) character file.

Game seed: 15331532902176408752

689 p00ps00p the Shield-Bearer (level 7, -2/60 HPs)
             Began as a Gnoll Fighter on Nov 28, 2022.
             Slain by Duvessa
             ... wielding a +0 short sword
              (11 damage)
             ... on level 4 of the Dungeon.
             The game lasted 00:09:39 (3577 turns).

p00ps00p the Shield-Bearer (Gnoll Fighter)          Turns: 3577, Time: 00:09:40

Health: -2/60      AC: 18    Str: 17    XL:     7   Next: 63%
Magic:  11/11      EV:  9    Int:  8    God:
Gold:   271        SH:  5    Dex: 11    Spells: 11/11 levels left

rFire   x . .      SeeInvis .    a - +1 war axe
rCold   + + .      Faith    .    c - +0 buckler
rNeg    . . .      Spirit   .    n - +0 ice dragon scales
rPois   .          Reflect  .    p - +0 helmet
rElec   .          Harm     .    m - scarf {repulsion}
rCorr   .          Rampage  .    s - +0 pair of gloves
Will    .....                    (no boots)
Stlth   ..........               (no amulet)
HPRegen 0.30/turn                f - +4 ring of protection
MPRegen 0.12/turn                (no ring)

@: repel missiles
A: fangs 1, strong nose, distributed training
a: no special abilities


You were on level 4 of the Dungeon.
You visited 2 branches of the dungeon, and saw 6 of its levels.

You collected 361 gold pieces.
You spent 90 gold pieces at shops.

Inventory:

Hand Weapons
 a - a +1 war axe (weapon)
 u - a +2 short sword of flaming
Missiles
 e - 6 poisoned darts (quivered)
Armour
 c - a +0 buckler (worn)
 m - a scarf of repulsion (worn)
 n - +0 ice dragon scales (worn)
 p - a +0 helmet (worn)
 s - a +0 pair of gloves (worn)
Jewellery
 f - a +4 ring of protection (left hand)
Scrolls
 b - a scroll of torment {unknown}
 g - a scroll of amnesia
 h - 4 scrolls of identify
 i - a scroll of vulnerability
Potions
 d - a potion of brilliance
 j - 2 potions of curing
 k - 3 potions of flight
 l - a potion of attraction {unknown}
 q - a potion of degeneration {unknown}
 r - a potion of haste {unknown}
 t - a potion of invisibility


   Skills:
 + Level 7.1 Fighting
 + Level 2.7 Short Blades
 + Level 2.7 Long Blades
 + Level 5.3 Axes
 + Level 2.7 Maces & Flails
 + Level 2.7 Polearms
 + Level 2.7 Staves
 + Level 2.7 Ranged Weapons
 + Level 2.7 Throwing
 + Level 7.1 Armour
 + Level 2.7 Dodging
 + Level 2.7 Stealth
 + Level 7.1 Shields
 + Level 2.7 Unarmed Combat
 + Level 2.7 Spellcasting
 + Level 2.2 Conjurations
 + Level 2.2 Hexes
 + Level 2.2 Summonings
 + Level 2.2 Necromancy
 + Level 2.2 Translocations
 + Level 2.2 Transmutations
 + Level 2.2 Fire Magic
 + Level 2.2 Ice Magic
 + Level 2.2 Air Magic
 + Level 2.2 Earth Magic
 + Level 2.2 Poison Magic
 + Level 3.0 Invocations
 + Level 2.7 Evocations


You had 11 spell levels left.
You didn't know any spells.
Your spell library contained the following spells:

 Spells                   Type           Power      Damage    Failure   Level
 Gell's Gravitas          Tloc           4%         N/A       88%         3
 Lesser Beckoning         Tloc           8%         N/A       88%         3
 Teleport Other           Tloc           4%         N/A       88%         3


Dungeon Overview and Level Annotations

Branches:
Dungeon (5/15)             Temple (1/1) D:4

Altars:
Cheibriados
Dithmenos
Elyvilon
Fedhas
Kikubaaqudgha
Nemelex Xobeh
Okawaru
Qazlal
Ru
Sif Muna
Trog
Uskayaw
Vehumet
Xom
Yredelemnul
Zin

Shops:
D:1 !(   D:4 **

Annotations:
D:4 Duvessa


Innate Abilities, Weirdness & Mutations

You have very sharp teeth.
Your uncanny sense of smell can sniff out nearby items.
Your experience applies equally to all skills.


Message History

Duvessa hits you but does no damage. Duvessa hits you with a +0 short sword.
Duvessa hits you but does no damage.
You barely miss Duvessa.
Duvessa is lightly wounded.
Duvessa hits you but does no damage. x2
You barely miss Duvessa.
Duvessa is lightly wounded.
You block Duvessa's attack.
You hit Duvessa.
Duvessa is lightly wounded.
Duvessa hits you but does no damage. x2
You slash Duvessa!
Duvessa is moderately wounded.
Duvessa completely misses you. Duvessa hits you but does no damage.
You barely miss Duvessa.
Duvessa is moderately wounded.
Duvessa hits you with a +0 short sword. You block Duvessa's attack.
You hit Duvessa but do no damage. You bite Duvessa, but do no damage.
Duvessa is moderately wounded.
You block Duvessa's attack. Duvessa hits you but does no damage.
You closely miss Duvessa.
Duvessa is moderately wounded.
Duvessa looks more healthy.
Duvessa hits you with a +0 short sword! Duvessa hits you with a +0 short sword.
You hit Duvessa.
Duvessa is heavily wounded.
Duvessa hits you with a +0 short sword! You block Duvessa's attack.
You barely miss Duvessa. You bite Duvessa, but do no damage.
Duvessa is heavily wounded.
Duvessa hits you with a +0 short sword!
* * * LOW HITPOINT WARNING * * *
Duvessa hits you with a +0 short sword!
* * * LOW HITPOINT WARNING * * *
Throw: 7 darts (poison)
Press: ? - help, Q - select action Shift-Dir - straight line, f/p - Duvessa
Aim: Duvessa, wielding a +0 short sword and wearing a +0 ring mail (heavily wounded, berserk, 68% to hit)
You throw a poisoned dart. The poisoned dart hits Duvessa.
Duvessa is poisoned.
Duvessa is heavily wounded.
Duvessa hits you with a +0 short sword!
You die...

#.#..####.#..#.# #.#
****#.#..####.#..#.# #.#
*****.,*#.#(......#..#.# #.#
*,,,*..##.(..........#.###.#
*,,,#P......(###.......#...#
*,,,+........# #####...#.####
*+*+#P.......# #.#.......
*^*∆#.......e#######.#......#
****#.......@.....##.#.####>.
#.........####.##.#......<
#.........#....##'#..#####
**#######.##.........#
#........[...# ###
####.......#.# #..
#.........# #†# #.#########
#.# #.# #.#


You could see Duvessa (berserk, poisoned).

Vanquished Creatures
  2 black bears (D:4)
  A gnoll sergeant (D:4)
  A scorpion (D:4)
  Dowan (D:4)
  2 hounds (D:4)
  Jessica (D:2)
  An iguana (D:4)
  An orc wizard (D:4)
  9 gnolls
  5 adders
  5 dart slugs
  3 orcs
  3 endoplasms
  3 giant cockroaches (D:2)
  7 goblins
  5 hobgoblins
  4 quokkas
  3 ball pythons
  7 bats
  A frilled lizard (D:2)
  5 kobolds
  5 rats
75 creatures vanquished.

Notes
Turn   | Place    | Note
-------+----------+-------------------------------------------
     0 | D:1      | p00ps00p the Gnoll Fighter began the quest for the Orb.
     0 | D:1      | Reached XP level 1. HP: 23/23 MP: 1/1
   119 | D:1      | Reached XP level 2. HP: 20/29 MP: 2/2
   486 | D:1      | Found Palusos's Weapon Emporium.
   619 | D:1      | Found Vasesoimi's Distillery.
   798 | D:1      | Reached XP level 3. HP: 35/35 MP: 3/3
  1042 | D:2      | Reached skill level 1 in Invocations
  1043 | D:2      | Reached skill level 1 in Short Blades
  1043 | D:2      | Reached skill level 1 in Long Blades
  1043 | D:2      | Reached skill level 1 in Maces & Flails
  1043 | D:2      | Reached skill level 1 in Polearms
  1043 | D:2      | Reached skill level 1 in Staves
  1043 | D:2      | Reached skill level 1 in Ranged Weapons
  1043 | D:2      | Reached skill level 1 in Throwing
  1043 | D:2      | Reached skill level 1 in Dodging
  1043 | D:2      | Reached skill level 1 in Stealth
  1043 | D:2      | Reached skill level 1 in Unarmed Combat
  1043 | D:2      | Reached skill level 1 in Spellcasting
  1043 | D:2      | Reached skill level 1 in Evocations
  1044 | D:2      | Reached XP level 4. HP: 23/41 MP: 5/5
  1185 | D:2      | Reached skill level 1 in Conjurations
  1185 | D:2      | Reached skill level 1 in Hexes
  1185 | D:2      | Reached skill level 1 in Summonings
  1185 | D:2      | Reached skill level 1 in Necromancy
  1185 | D:2      | Reached skill level 1 in Translocations
  1185 | D:2      | Reached skill level 1 in Transmutations
  1185 | D:2      | Reached skill level 1 in Fire Magic
  1185 | D:2      | Reached skill level 1 in Ice Magic
  1185 | D:2      | Reached skill level 1 in Air Magic
  1185 | D:2      | Reached skill level 1 in Earth Magic
  1185 | D:2      | Reached skill level 1 in Poison Magic
  1335 | D:2      | Noticed Jessica
  1342 | D:2      | Killed Jessica
  1343 | D:2      | Reached XP level 5. HP: 43/47 MP: 5/7
  1780 | D:3      | Found a blossoming altar of Fedhas.
  2175 | D:4      | Reached XP level 6. HP: 53/53 MP: 8/8
  2195 | D:4      | Reached skill level 5 in Axes
  2239 | D:4      | Found Puotuv Yfoxu's Specific Store.
  2241 | D:4      | Found Ebafi's General Store.
  2249 | D:4      | Bought a +0 helmet for 45 gold pieces
  2249 | D:4      | Bought a +0 pair of gloves for 45 gold pieces
  2277 | D:4      | Found a staircase to the Ecumenical Temple.
  2281 | D:4      | Noticed a black bear
  2294 | D:4      | Killed a black bear
  2295 | D:4      | Reached XP level 7. HP: 39/60 MP: 10/10
  2325 | Temple   | Entered the Ecumenical Temple
  2611 | D:4      | Noticed Duvessa
  2611 | D:4      | Noticed Dowan
  2627 | D:4      | Killed Dowan
  3325 | D:5      | Entered Level 5 of the Dungeon
  3577 | D:4      | Slain by Duvessa

Illustrated notes

Levels and vault maps discovered:
D:1:      psy_arrival_fountain, layout_basic, serial_shops, shop,
          nicolae_shop_trees
D:2:      layout_rooms, uniq_jessica
D:3:      layout_rooms, fedhas_altar_fruit_tree
D:4:      layout_basic, minmay_temple_entry_large_hall, nicolae_specific_store,
          cheibrodos_gnoll_hut, uniq_duvessa
D:5:      layout_basic, gammafunk_ghost_abyssal_escape
Temple:   nicolae_temple_no_exploring_needed

Skill      XL: |  1  2  3  4  5  6  7 |
---------------+----------------------+-----
Invocations    | 1 2 3 |  3.0
Short Blades   | 1 2 |  2.7
Long Blades    | 1 2 |  2.7
Maces & Flails | 1 2 |  2.7
Polearms       | 1 2 |  2.7
Staves         | 1 2 |  2.7
Ranged Weapons | 1 2 |  2.7
Throwing       | 1 2 |  2.7
Dodging        | 1 2 |  2.7
Stealth        | 1 2 |  2.7
Unarmed Combat | 1 2 |  2.7
Spellcasting   | 1 2 |  2.7
Evocations     | 1 2 |  2.7
Conjurations   | 1 2 |  2.2
Hexes          | 1 2 |  2.2
Summonings     | 1 2 |  2.2
Necromancy     | 1 2 |  2.2
Translocations | 1 2 |  2.2
Transmutations | 1 2 |  2.2
Fire Magic     | 1 2 |  2.2
Ice Magic      | 1 2 |  2.2
Air Magic      | 1 2 |  2.2
Earth Magic    | 1 2 |  2.2
Poison Magic   | 1 2 |  2.2
Axes           | 5 |  5.3
Fighting       | 7 |  7.1
Armour         | 7 |  7.1
Shields        | 7 |  7.1

Action                   |  1- 3 |  4- 6 |  7- 9 || total
-------------------------+-------+-------+-------++-------
Melee: War axe           |    51 |    98 |    77 ||   226
       Bite              |     2 |     3 |    12 ||    17
Throw: Dart              |       |       |     5 ||     5
  Use: Scroll            |     1 |     9 |     3 ||    13
       Potion            |     1 |     1 |     4 ||     6
Armor: Scale mail        |    29 |    15 |       ||    44
       Ice dragon scales |       |    65 |    60 ||   125
Dodge: Dodged            |    27 |    55 |    40 ||   122
Block: Buckler           |    19 |    41 |    43 ||   103

Table legend: (Time is in decaauts)
 A = Elapsed time spent in this place.
 B = Non-inter-level travel time spent in this place.
 C = Inter-level travel time spent in this place.
 D = Time resting spent in this place.
 E = Time spent auto-exploring this place.
 F = Levels seen in this place.
 G = Mean time per level.
                   A        B        C        D        E       F      G
               +--------+--------+--------+--------+--------+-----+--------+
         Total |   3648 |   3522 |    126 |    576 |   2273 |   6 |  608.0 |
       Dungeon |   3646 |   3520 |    126 |    576 |   2273 |   5 |  729.2 |
        Temple |      1 |      1 |      0 |      0 |      0 |   1 |    1.0 |
               +--------+--------+--------+--------+--------+-----+--------+

Top non-repeatable levels by time:
     D:4: 1505 daAuts
     D:1: 1026 daAuts
     D:2: 606 daAuts
     D:3: 450 daAuts
     D:5: 57 daAuts
  Temple: 1 daAuts
